 Dungeon Crawl Stone Soup version 0.30-a0-737-gf23d94013f (webtiles) character file.

Game seed: 4880870801344058527

1642 kae the Carver (level 8, -7/71 HPs)
             Began as a Minotaur Fighter on Feb 1, 2023.
             Was an Initiate of Qazlal.
             Mangled by a sixfirhy (10 damage)
             ... on level 1 of the Abyss.
             The game lasted 00:06:29 (5576 turns).

kae the Carver (Minotaur Fighter)                   Turns: 5576, Time: 00:06:31

Health: -7/71      AC: 13    Str: 23    XL:     8   Next: 67%
Magic:  8/8        EV:  9    Int:  5    God:    Qazlal [......]
Gold:   213        SH:  5    Dex: 10    Spells: 7/7 levels left

rFire   . . .      SeeInvis .    a - +1 long sword
rCold   . . .      Faith    .    c - +0 buckler
rNeg    . . .      Spirit   .    b - +0 scale mail
rPois   +          Reflect  .    (helmet restricted)
rElec   .          Harm     .    h - +0 cloak
rCorr   .          Rampage  .    (no gloves)
Will    .....                    (no boots) Stlth
                                 (no amulet)
HPRegen 0.31/turn                O - +4 ring of protection
MPRegen 0.11/turn                P - ring of poison resistance

@: mighty
A: horns 2, retaliatory headbutt
a: Renounce Religion


You were on level 1 of the Abyss.
You worshipped Qazlal.
Qazlal was noncommittal.
You visited 2 branches of the dungeon, and saw 7 of its levels.
You visited the Abyss 1 time.

You collected 213 gold pieces.


Innate Abilities, Weirdness & Mutations

You have a pair of horns on your head.
You reflexively headbutt those who attack you in melee.


   Skills:
 + Level 6.8 Fighting
 * Level 8.6 Long Blades
 + Level 6.8 Armour
 + Level 6.9 Shields
 + Level 1.5 Invocations


You had 7 spell levels left.
You didn't know any spells.
Your spell library contained the following spells:

 Spells                   Type           Power      Damage    Failure   Level
 Slow                     Hex            0%         N/A       83%         1
 Blink                    Tloc           0%         N/A       93%         2
 Confusing Touch          Hex            0%         N/A       99%         3
 Ozocubu's Armour         Ice            0%         N/A       99%         3
 Vampiric Draining        Necr           0%         2d6       99%         3
 Manifold Assault         Tloc           0%         N/A       100%        4
 Ozocubu's Refrigeration  Ice            0%         4d7       100%        7
 Storm Form               Tmut/Air       0%         N/A       100%        7

Inventory:

Hand Weapons
 a - a +1 long sword (weapon)
Missiles
 e - 3 poisoned darts
 g - 44 stones (quivered)
Armour
 b - a +0 scale mail (worn)
 c - a +0 buckler (worn)
 h - a +0 cloak (worn)
   (You found it on level 2 of the Dungeon)
Jewellery
 O - a +4 ring of protection (left hand)
   (You found it on level 5 of the Dungeon)
 P - a ring of poison resistance (right hand)
   (You found it on level 5 of the Dungeon)
Wands
 p - a wand of mindburst (2)
   (You took it off Ijyb on level 5 of the Dungeon)
Scrolls
 q - a scroll of amnesia
 r - a scroll of vulnerability {!r!r}
Potions
 d - 2 potions of might
 f - a potion of magic
 i - 2 potions of brilliance {unknown}
 j - a potion of berserk rage {unknown}
 k - a potion of haste {@q3}
 l - 3 potions of resistance
 m - 5 potions of curing {@q1}
 o - 3 potions of attraction {!q}
 s - a potion of mutation {unknown}

Dungeon Overview and Level Annotations

Branches:
Dungeon (6/15) Zot: 26655  Temple (1/1) D:4 Zot: 5774

Altars:
Cheibriados
Dithmenos
Elyvilon
Fedhas
Gozag
Hepliaklqana
Kikubaaqudgha
Makhleb
Nemelex Xobeh
Okawaru
Qazlal
Ru
Sif Muna
Uskayaw
Vehumet
Wu Jian
Xom
Yredelemnul
Zin
The Shining One

Annotations:
D:5 Crownlay's ghost, amateur OpEE

# # # .
. . # .
#.#
##..# #
..##
#.##.#
##.#.#
#@#..#
#.3###.#
#.#.#
#..
##..#
### ###


You could see a sixfirhy.


Message History

Unknown command.
You hit the large abomination but do no damage.
You headbutt the large abomination, but do no damage.
The large abomination hits you.
* * * LOW HITPOINT WARNING * * *
😱 HP[-4]
You take 4 damage, and now have 11/71 hp.
Unknown command.
You hit the large abomination.
The large abomination closely misses you. 😱 HP[+1] Unknown command.
You feel much better. 😮 HP[+26]
You regained 26 hp, and now have 38/71 hp.
You feel very mighty all of a sudden.
The large abomination barely misses you.
You hit the large abomination.
The large abomination barely misses you. 😮 HP[+1]
You barely miss the large abomination.
Your headbutt misses the large abomination.
You block the large abomination's attack.
Unknown command.
You closely miss the large abomination.
You headbutt the large abomination, but do no damage.
The large abomination hits you!!
* * * LOW HITPOINT WARNING * * *
😱 HP[-29]
You take 29 damage, and now have 10/71 hp.
MASSIVE DAMAGE!! (PAUSE)
You feel much better.
The large abomination barely misses you. 😨 HP[+25]
You regained 25 hp, and now have 35/71 hp.
You hit the large abomination but do no damage.
Your headbutt misses the large abomination.
The large abomination hits you!
* * * LOW HITPOINT WARNING * * *
😨 HP[-12]
You take 12 damage, and now have 23/71 hp.
You barely miss the large abomination. You headbutt the large abomination!!
You block the large abomination's attack.
Unknown command.
You closely miss the large abomination.
Your headbutt misses the large abomination.
The large abomination closely misses you. 😨 HP[+1]
You slash the large abomination!
The large abomination barely misses you.
You furiously retaliate!
You headbutt the large abomination!
You destroy the large abomination!
Qazlal accepts your kill.
You feel your dexterity returning.
Unknown command.
You closely miss the sixfirhy.
You block the sixfirhy's attack. x2 😨 HP[+1]
You miss the sixfirhy.
The sixfirhy hits you but does no damage. x3
The sixfirhy barely misses you. You furiously retaliate!
You headbutt the sixfirhy!!
Unknown command.
You miss the sixfirhy. The sixfirhy hits you!
* * * LOW HITPOINT WARNING * * *
The sixfirhy shocks you!
* * * LOW HITPOINT WARNING * * *
You block the sixfirhy's attack. 😱 HP[-19]
You take 19 damage, and now have 6/71 hp.
MASSIVE DAMAGE!! (PAUSE)
You closely miss the sixfirhy.
Your headbutt misses the sixfirhy. 😱 HP[+1]
You feel better.
You block the sixfirhy's attack. 😱 HP[+8]
You regained 8 hp, and now have 15/71 hp.
You miss the sixfirhy. The sixfirhy barely misses you.
You block the sixfirhy's attack.
The sixfirhy hits you but does no damage.
The sixfirhy hits you.
* * * LOW HITPOINT WARNING * * *
The sixfirhy shocks you!
* * * LOW HITPOINT WARNING * * *
😱 HP[-12]
You take 12 damage, and now have 3/71 hp.
You slash the sixfirhy! Your headbutt misses the sixfirhy.
The sixfirhy barely misses you. You block the sixfirhy's attack.
The sixfirhy hits you but does no damage.
Unknown command.
You slash the sixfirhy! 😱 HP[+1]
You feel better. 😱 HP[+8] MP[+1]
You regained 8 hp, and now have 12/71 hp.
Your mp is fully restored (8).
You miss the sixfirhy. Your headbutt misses the sixfirhy.
The sixfirhy hits you but does no damage.
The sixfirhy hits you!
* * * LOW HITPOINT WARNING * * *
The sixfirhy shocks you!
You die...

Skill      XL: |  1  2  3  4  5  6  7  8 |
---------------+-------------------------+-----
Long Blades    | 3 4 5 6 7 8 |  8.6
Fighting       | 4 5 6 |  6.8
Armour         | 4 5 6 |  6.8
Shields        | 4 5 6 |  6.9
Invocations    | 1 |  1.5

Action                     |  1- 3 |  4- 6 |  7- 9 || total
---------------------------+-------+-------+-------++-------
  Melee: Long sword        |    62 |   120 |   148 ||   330
         Headbutt          |     6 |    22 |    21 ||    49
    Use: Scroll            |     3 |    10 |     1 ||    14
         Potion            |       |       |     7 ||     7
 Armour: Scale mail        |    30 |    33 |    77 ||   140
  Dodge: Dodged            |    20 |    58 |    62 ||   140
  Block: Buckler           |     9 |    25 |    30 ||    64

Levels and vault maps discovered:
D:1:      nzn_arrival_depleted_hourglass, layout_basic
D:2:      layout_basic, bh_walls_and_bars, uniq_natasha
D:3:      layout_basic, cheibrodos_gnoll_hut, uniq_robin
D:4:      layout_basic, cheibriados_altar_1,
          minmay_temple_entry_drinking_statues, serial_forest,
          infiniplex_forest_zigzag_1, infiniplex_forest_clump_medium,
          infiniplex_forest_straight_2, infiniplex_forest_lined_room_,
          infiniplex_forest_end_3, infiniplex_forest_lined_2,
          infiniplex_forest_lined_2, infiniplex_forest_clump_medium
D:5:      layout_rooms, serial_bayou, serial_bayou_shore_b,
          serial_bayou_lagoon_a, serial_bayou_lagoon_b, serial_bayou_pond_e,
          ebering_ghost_gozag, nicolae_goblin_pals, uniq_grinder, uniq_menkaure,
          uniq_ijyb
D:6:      layout_gridville
Temple:   nicolae_temple_bog_church
Abyss:1:  base:
D:6

Notes
Turn   | Place    | Note
-------+----------+-------------------------------------------
     0 | D:1      | kae the Minotaur Fighter began the quest for the Orb.
     0 | D:1      | Reached XP level 1. HP: 19/19 MP: 0/0
     0 | D:1      | magus.rc [v1.11.3]
   101 | D:1      | Reached XP level 2. HP: 24/27 MP: 1/1
   247 | D:1      | Reached skill level 3 in Long Blades
   346 | D:1      | You add the spells Ozocubu's Armour and Ozocubu's
                  | Refrigeration to your library.
   868 | D:2      | Reached skill level 4 in Fighting
   868 | D:2      | Reached skill level 4 in Armour
   868 | D:2      | Reached skill level 4 in Shields
   868 | D:2      | Reached XP level 3. HP: 19/33 MP: 2/2
  1238 | D:2      | Noticed Natasha
  1242 | D:2      | Killed Natasha
  1243 | D:2      | Reached XP level 4. HP: 34/40 MP: 3/3
  1621 | D:3      | Reached skill level 4 in Long Blades
  1623 | D:3      | Reached XP level 5. HP: 27/47 MP: 4/4
  1626 | D:3      | HP: 2/47 [gnoll/+0 halberd (12)]
  2350 | D:3      | Noticed Robin
  2360 | D:3      | Killed Robin
  2773 | D:4      | HP: 7/47 [necrophage (5)]
  2778 | D:4      | Reached skill level 5 in Long Blades
  2778 | D:4      | Reached XP level 6. HP: 9/55 MP: 5/5
  3025 | D:4      | Reached skill level 5 in Fighting
  3025 | D:4      | Reached skill level 5 in Armour
  3025 | D:4      | Reached skill level 5 in Shields
  3037 | D:4      | You pick up a book of Debilitation and begin reading...
  3037 | D:4      | You add the spells Slow, Vampiric Draining and Confusing
                  | Touch to your library.
  3124 | D:4      | Found a staircase to the Ecumenical Temple.
  3138 | Temple   | Entered the Ecumenical Temple
  3693 | D:4      | Found a snail-covered altar of Cheibriados.
  4120 | D:5      | Entered Level 5 of the Dungeon
  4146 | D:5      | Noticed Grinder
  4157 | D:5      | HP: 14/56 [gnoll/+0 flail (6)]
  4160 | D:5      | Killed Grinder
  4161 | D:5      | Reached skill level 6 in Long Blades
  4161 | D:5      | Reached XP level 7. HP: 8/61 MP: 6/6
  4169 | D:5      | HP: 12/61 [gnoll/+0 club (7)]
  4387 | D:5      | Reached skill level 7 in Long Blades
  4387 | D:5      | Reached skill level 6 in Shields
  4411 | D:5      | Reached skill level 6 in Fighting
  4433 | D:5      | Noticed Menkaure
  4481 | D:5      | Reached skill level 6 in Armour
  4488 | D:5      | HP: 1/63 [Menkaure (17)]
  4489 | D:5      | Killed Menkaure
  4490 | D:5      | Reached XP level 8. HP: 1/70 MP: 7/7
  4787 | D:5      | You add the spells Blink, Manifold Assault and Storm Form
                  | to your library.
  4931 | D:5      | Noticed Ijyb
  4932 | D:5      | Found a runed translucent gate.
  4954 | D:5      | Killed Ijyb
  4994 | Temple   | Became a worshipper of Qazlal Stormbringer
  5110 | D:6      | Reached skill level 8 in Long Blades
  5156 | D:5      | Found an opulent altar of Gozag.
  5157 | D:5      | Found a runed translucent gate.
  5159 | D:5      | Found a runed translucent gate.
  5160 | D:5      | Noticed Crownlay's ghost (amateur OpEE)
  5400 | D:5      | You are cast into the Abyss!
  5400 | Abyss:1  | Cast into level 1 of the Abyss (Crownlay's ghost)
  5451 | Abyss:1  | Found a corrupted altar of Lugonu.
  5539 | Abyss:1  | Noticed a large abomination
  5551 | Abyss:1  | Reached skill level 1 in Invocations
  5552 | Abyss:1  | HP: 15/71 [large abomination (30)]
  5553 | Abyss:1  | Noticed a sixfirhy
  5560 | Abyss:1  | HP: 10/71 [large abomination (29)]
  5565 | Abyss:1  | Killed a large abomination
  5569 | Abyss:1  | HP: 16/71 [sixfirhy (9)]
  5569 | Abyss:1  | HP: 6/71 [sixfirhy (10)]
  5576 | Abyss:1  | HP: 3/71 [sixfirhy (9)]
  5576 | Abyss:1  | Mangled by a sixfirhy

Vanquished Creatures
  Grinder (D:5)
  A large abomination (Abyss:1)
  Menkaure (D:5)
  A centaur (D:5)
  A small abomination (Abyss:1)
  3 phantoms
  2 necrophages
  A scorpion (D:5)
  A howler monkey (D:6)
  A quasit (Abyss:1)
  A jelly (D:5)
  4 hounds
  2 iguanas (D:4)
  Ijyb (D:5)
  Natasha (D:2)
  An orc wizard (D:4)
  Robin (D:3)
  8 gnolls
  6 adders
  A shadow imp (D:5)
  2 worms
  3 dart slugs
  5 orcs
  4 bats
  6 endoplasms
  A giant cockroach (D:1)
  15 goblins
  7 hobgoblins
  3 jackals (D:1)
  6 quokkas
  3 ball pythons
  3 frilled lizards
  3 kobolds
  6 rats
106 creatures vanquished.

Vanquished Creatures (others)
  36 plants
36 creatures vanquished.

Grand Total: 142 creatures vanquished

Table legend:
 A = Non-vault XP
 B = Vault XP
 C = Vault XP percentage of total XP
 D = Non-vault monster count
 E = Vault monster count
 F = Vault count percentage of total count
                 A         B        C        D         E       F
            +---------+---------+-------+---------+---------+-------
      Total |    1632 |     715 |  30.5 |      82 |      24 |  22.6
            +---------+---------+-------+---------+---------+-------
        D:1 |      35 |       0 |   0.0 |      20 |       0 |   0.0
        D:2 |      45 |      36 |  44.4 |      14 |       1 |   6.7
        D:3 |      25 |     131 |  84.0 |       6 |      12 |  66.7
        D:4 |     355 |       0 |   0.0 |      18 |       0 |   0.0
        D:5 |     673 |     548 |  44.9 |      19 |      11 |  36.7
        D:6 |      70 |       0 |   0.0 |       2 |       0 |   0.0
    Abyss:1 |     429 |       0 |   0.0 |       3 |       0 |   0.0
            +---------+---------+-------+---------+---------+-------

Illustrated notes

Table legend:
 A = Kills in this place as a percentage of kills in entire the game.
 B = Kills by you in this place as a percentage of kills by you in the entire game.
 C = Kills by friends in this place as a percentage of kills by friends in the entire game.
 D = Other kills in this place as a percentage of other kills in the entire game.
 E = Experience gained in this place as a percentage of experience gained in the entire game.
 F = Experience gained in this place divided by the number of levels of this place that you have seen.
                   A       B       C       D       E      F
               +-------+-------+-------+-------+-------+----------------------
         Total | 100.0 | 100.0 |   N/A |   N/A | 100.0 | 293.4
       Dungeon |  97.2 |  97.2 |   N/A |   N/A |  81.7 | 319.7
         Abyss |   2.8 |   2.8 |   N/A |   N/A |  18.3 | 429.0
               +-------+-------+-------+-------+-------+----------------------

Table legend: (Time is in decaauts)
 A = Elapsed time spent in this place.
 B = Non-inter-level travel time spent in this place.
 C = Inter-level travel time spent in this place.
 D = Time resting spent in this place.
 E = Time spent auto-exploring this place.
 F = Levels seen in this place.
 G = Mean time per level.
                   A        B        C        D        E       F      G
               +--------+--------+--------+--------+--------+-----+--------+
         Total |   5636 |   5469 |    167 |    247 |   4443 |   8 |  704.5 |
       Dungeon |   5235 |   5118 |    117 |    211 |   4209 |   6 |  872.5 |
        Temple |    225 |    175 |     50 |      0 |    157 |   1 |  225.0 |
         Abyss |    176 |    176 |      0 |     36 |     77 |   1 |  176.0 |
               +--------+--------+--------+--------+--------+-----+--------+

Top non-repeatable levels by time:
     D:4: 1256 daAuts
     D:3: 1199 daAuts
     D:5: 1138 daAuts
     D:1: 865 daAuts
     D:2: 706 daAuts
  Temple: 225 daAuts
 Abyss:1: 176 daAuts
     D:6: 69 daAuts
